 Dungeon Crawl Stone Soup version 0.29.1-13-g9f3cf754e1 (webtiles) character file.

Game seed: 10373591377190753969

5 theswoord the Twirler (level 1, 16/16 HPs)
             Began as a Demonspawn Gladiator on Jan 23, 2023.
             Was a Follower of Cheibriados.
             Quit the game on level 1 of the Dungeon.
             The game lasted 00:00:48 (314 turns).

theswoord the Twirler (Demonspawn Gladiator)         Turns: 314, Time: 00:00:49

Health: 16/16      AC:  4    Str: 16    XL:     1   Next: 66%
Magic:  1/1        EV: 12    Int: 11    God:    Cheibriados [*.....]
Gold:   46         SH:  0    Dex: 16    Spells: 0/0 levels left

rFire   . . .      SeeInvis .   a - +0 quarterstaff
rCold   . . .      Faith    .   (shield currently unavailable)
rNeg    . . .      Spirit   .   b - +0 leather armour
rPois   .          Reflect  .   c - +0 helmet
rElec   .          Harm     .   (no cloak)
rCorr   .          Rampage  .   (no gloves)
Will    .....                   (no boots)
Stlth   +.........              (no amulet)
HPRegen 0.05/turn               f - ring of wizardry
MPRegen 0.07/turn               (no ring)

@: very slow
A: no striking features
a: Renounce Religion, Bend Time


You were on level 1 of the Dungeon.
You worshipped Cheibriados.
Cheibriados was aware of your devotion.
You visited 1 branch of the dungeon, and saw 1 of its levels.

You collected 46 gold pieces.

Inventory:

Hand Weapons
 a - a +0 quarterstaff (weapon)
Missiles
 d - 3 throwing nets (quivered)
 e - a javelin
Armour
 b - a +0 leather armour (worn)
 c - a +0 helmet (worn)
Jewellery
 f - a ring of wizardry (left hand)
Scrolls
 g - 2 scrolls of identify {unknown}


   Skills:
 - Level 2.0 Fighting
 + Level 3.1 Staves
 - Level 1.7 Throwing
 - Level 2.6 Dodging


You couldn't memorise any spells.
You didn't know any spells.
Your spell library was empty.

Dungeon Overview and Level Annotations

Branches:
Dungeon (1/15)

Altars:
Cheibriados


Message History

The kobold is severely wounded.
The kobold barely misses you.
You hit the kobold but do no damage.
The kobold is severely wounded.
The kobold hits you with a +0 short sword.
You thump the kobold!
You kill the kobold!
Your Staves skill increases to level 3!
You see here a +0 whip.
Found 6 poisoned darts.
You see here 6 poisoned darts.
Found a war axe.
No target in view!
No target in view!
You see here a +0 war axe.
You now have 46 gold pieces (gained 19).
Found a stone staircase leading down.
There is a stone staircase leading down here.
g - 2 scrolls labelled FOLIRIESEE (gained 1)
An endoplasm comes into view.
The endoplasm quivers.
An endoplasm is nearby!
The endoplasm hits you but does no damage.
You barely miss the endoplasm. The endoplasm barely misses you.
You hit the endoplasm.
The endoplasm is severely wounded.
The endoplasm hits you but does no damage. x2
You sock the endoplasm!
You kill the endoplasm!
No target in view!
There is a stone staircase leading down here.
There is a faded altar of an unknown god here.
You cannot tell which god this altar belongs to.
Convert to them anyway?
Cheibriados accepts your prayer! Cheibriados welcomes you!
Cheibriados begins to support your attributes as your movement slows.
Cheibriados is now slowing the effects of poison on you.
You can now bend time to slow others.
Cheibriados raises the support of your attributes as your movement slows.
Are you sure you want to abandon this character and quit the game? (Confirm with "yes".)

.........##...###########
.........##...# #
.........##...# ###
......)..###### #..
.........# ##### ###.#
########.######...###...#
#.....##............
#.8.8..#............
#..@......###...###.
#.........#>......#.
#.........#.......#.
########............
#......#.....
##............
#...#.......#.
###...#......<#.
#.....###...###)


There were no monsters in sight!

Vanquished Creatures
  A dart slug (D:1)
  An endoplasm (D:1)
  A ball python (D:1)
  A kobold (D:1)
4 creatures vanquished.

Notes
Turn   | Place    | Note
-------+----------+-------------------------------------------
     0 | D:1      | theswoord the Demonspawn Gladiator began the quest for the
                  | Orb.
     0 | D:1      | Reached XP level 1. HP: 16/16 MP: 1/1
    78 | D:1      | Found a faded altar of an unknown god.
    93 | D:1      | Reached skill level 3 in Staves
   313 | D:1      | Prayed at the altar of an unknown god.
   313 | D:1      | Became a worshipper of Cheibriados the Contemplative
   313 | D:1      | Reached * piety under Cheibriados
   314 | D:1      | Quit the game

Skill      XL: |  1 |
---------------+----+-----
Staves         | 3 |  3.1
Fighting       | |  2.0
Throwing       | |  1.7
Dodging        | |  2.6

Action                   || total
-------------------------++-------
Melee: Quarterstaff      ||    15
Armor: Leather armour    ||     9
Dodge: Dodged            ||     4

Levels and vault maps discovered:
D:1:      minmay_arrival_open_corners, layout_basic,
          dreamdust_ecumenical_altar_statues
